 Dungeon Crawl Stone Soup version 0.31.0-9-g3a7656b989 (webtiles) character file.

Game seed: 5205252705557406152

247 qw the Shooter (level 5, -4/42 HPs)
             Began as a Demigod Hunter on Feb 2, 2024.
             Slain by an ogre
             ... wielding a +0 giant spiked club
              (21 damage)
             ... on level 4 of the Dungeon.
             The game lasted 00:00:10 (2638 turns).

qw the Shooter (Demigod Hunter)                     Turns: 2638, Time: 00:00:11

Health: -4/42      AC:  7    Str: 12    XL:     5   Next: 55%
Magic:  7/7        EV: 12    Int: 11    God:
Gold:   218        SH:  0    Dex: 21    Spells: 4/4 levels left

rFire   . . .        a - +3 shortbow
rCold   . . .        (shield currently unavailable)
rNeg    . . .        c - +0 leather armour
rPois   .            (no helmet)
rElec   .            d - +0 cloak
rCorr   .            (no gloves)
SInv    .            f - +2 pair of boots
Will    .....        (no amulet)
Stlth   ++           (no ring)
HPRegen 0.27/turn    (no ring)
MPRegen 0.10/turn

%: no passive effects
@: no status effects
A: high MP 1, forlorn, divine attributes
a: no special abilities


You were on level 4 of the Dungeon.
You visited 1 branch of the dungeon, and saw 4 of its levels.

You collected 218 gold pieces.


Innate Abilities, Weirdness & Mutations

You have an increased reservoir of magic. (+10% MP)
You shall have no god before yourself.
Your divine heritage dramatically boosts your attributes as you level up.


   Skills:
 + Level 2.4 Fighting
 - Level 6.2 Ranged Weapons
 - Level 2.0 Dodging
 - Level 0.8 Stealth


You had 4 spell levels left.
You didn't know any spells.
Your spell library was empty.

Inventory:

Hand Weapons
 a - a +3 shortbow (weapon)
Armour
 c - a +0 leather armour (worn)
 d - a +0 cloak (worn)
 f - a +2 pair of boots (worn)
Jewellery
 b - a ring of positive energy
Potions
 i - a potion of curing {unknown}

Dungeon Overview and Level Annotations

Branches:
Dungeon (4/15)
 Temple: D:4-7


Message History

You kill the iguana!
Found 13 gold pieces.
You see here the staff of Anguish {rElec rF++ Will+ rCorr Air}.
Found an escape hatch in the ceiling.
You now have 202 gold pieces (gained 13).
Found a leather armour.
You now have 218 gold pieces (gained 16).
A goblin comes into view. It is wielding a +0 club.
Enter note:
Enter note: You shoot an arrow.
The arrow hits the goblin.
The goblin shouts!
The goblin is severely wounded.
You shoot an arrow. The arrow barely misses the goblin.
You shoot an arrow. The arrow hits the goblin!
You kill the goblin!
Found a stone staircase leading down.
b - a ring of positive energy
Found a stone staircase leading down.
An ogre comes into view. It is wielding a +0 giant spiked club.
You shoot an arrow. The arrow hits the ogre!
The ogre shouts!
The ogre is heavily wounded.
You shoot an arrow. The arrow closely misses the ogre.
The ogre barely misses you.
You shoot an arrow. The arrow barely misses the ogre.
The ogre closely misses you.
You shoot an arrow. The arrow hits the ogre.
The ogre is heavily wounded.
The ogre hits you with a +0 giant spiked club!!
Ouch! That really hurt!
You shoot an arrow. The arrow hits the ogre.
The ogre is heavily wounded.
You shoot an arrow. The arrow barely misses the ogre.
The ogre barely misses you.
You shoot an arrow. The arrow hits the ogre!
The ogre is almost dead.
The ogre hits you with a +0 giant spiked club!!
Ouch! That really hurt!
You die...

##.......##....#....#.#
........######...####.#
##...#.#########.## #.#
#...........# #..# #.#
#...........####..###.#
...................##.#
.................#.##.#
.....#...........#....#
.....##.........@####.#
.##..#...........O......
.##..##..........#.##>##.#
.##..##....#####.#..... #
.....##....# #.# ####
...............#.#
...............#.#
...............#..
...............#


You could see an ogre.

Vanquished Creatures
  An ogre (D:4)
  An orc priest (D:3)
  Jessica (D:1)
  An iguana (D:4)
  An orc wizard (D:3)
  An adder (D:1)
  A ribbon worm (D:3)
  4 orcs (D:3)
  6 endoplasms
  7 goblins
  2 hobgoblins (D:1)
  2 quokkas
  3 ball pythons
  6 bats
  A frilled lizard (D:2)
  4 kobolds
  4 rats
46 creatures vanquished.

Notes
Turn   | Place    | Note
-------+----------+-------------------------------------------
     0 | D:1      | qw the Demigod Hunter began the quest for the Orb.
     0 | D:1      | Reached XP level 1. HP: 17/17 MP: 3/3
     0 | D:1      | 0 ||| qw: Version: 0.3-a-155-g5e7d8dd
     0 | D:1      | 0 ||| qw: Game counter: 104
     0 | D:1      | 0 ||| qw: Melee chars always use a shield: true
     0 | D:1      | 0 ||| qw: God list: Okawaru
     0 | D:1      | 0 ||| qw: Allow faded altars: false
     0 | D:1      | 0 ||| qw: Do Orc after clearing Dungeon:15 true
     0 | D:1      | 0 ||| qw: Do second Lair branch before Depths: true
     0 | D:1      | 0 ||| qw: Lair rune preference: random
     0 | D:1      | 0 ||| qw: Goals: Normal
     0 | D:1      | 0 ||| PLANNING D:1-11
   269 | D:1      | Reached skill level 4 in Ranged Weapons
   399 | D:1      | Reached XP level 2. HP: 24/24 MP: 4/4
   689 | D:1      | 689 ||| UPGRADING to +2 pair of boots.
   694 | D:1      | 694 ||| READING 4 scrolls labelled COULIU XUSOTZ.
   694 | D:1      | 694 ||| IDENTIFYING coppery potion
   695 | D:1      | 695 ||| READING 3 scrolls of identify.
   695 | D:1      | 695 ||| IDENTIFYING scroll labelled WENKAN FASU
   696 | D:1      | 696 ||| DROPPING scroll of butterflies.
   697 | D:1      | 697 ||| DROPPING potion of invisibility.
   698 | D:1      | 698 ||| DROPPING scroll of poison.
   714 | D:2      | Noticed Jessica
   719 | D:2      | 719 ||| STAIRDANCE
   719 | D:2      | HP: 2/24 [Jessica/nerve-wracking pain (12)]
   813 | D:2      | 813 ||| STAIRDANCE
   888 | D:2      | 888 ||| STAIRDANCE
   892 | D:1      | Killed Jessica
   893 | D:1      | Reached XP level 3. HP: 29/29 MP: 5/5
  1298 | D:2      | 1298 ||| UPGRADING to +0 cloak.
  1303 | D:2      | 1303 ||| READING 2 scrolls of identify.
  1303 | D:2      | 1303 ||| IDENTIFYING sedimented white potion
  1304 | D:2      | 1304 ||| READING scroll of identify.
  1304 | D:2      | 1304 ||| IDENTIFYING glowing purple potion
  1305 | D:2      | 1305 ||| READING scroll labelled YMITIL DESOW.
  1306 | D:2      | 1306 ||| READING scroll labelled RIAFUI UJUWNE.
  1311 | D:2      | 1311 ||| DROPPING potion of berserk rage.
  1312 | D:2      | 1312 ||| DROPPING potion of degeneration.
  1447 | D:3      | Reached skill level 5 in Ranged Weapons
  1453 | D:3      | 1453 ||| DRINKING sapphire potion.
  1464 | D:3      | Reached XP level 4. HP: 15/36 MP: 6/6
  1479 | D:3      | 1479 ||| FLEEEEING.
  1480 | D:3      | 1480 ||| FLEEEEING.
  1481 | D:3      | 1481 ||| FLEEEEING.
  1487 | D:3      | 1487 ||| FLEEEEING.
  1488 | D:3      | 1488 ||| FLEEEEING.
  1489 | D:3      | 1489 ||| FLEEEEING.
  1490 | D:3      | 1490 ||| FLEEEEING.
  1491 | D:3      | 1491 ||| FLEEEEING.
  1492 | D:3      | 1492 ||| FLEEEEING.
  1493 | D:3      | 1493 ||| FLEEEEING.
  1494 | D:3      | 1494 ||| FLEEEEING.
  1495 | D:3      | 1495 ||| FLEEEEING.
  1496 | D:3      | 1496 ||| FLEEEEING.
  1497 | D:3      | 1497 ||| FLEEEEING.
  1498 | D:3      | 1498 ||| FLEEEEING.
  1499 | D:3      | 1499 ||| FLEEEEING.
  1500 | D:3      | 1500 ||| FLEEEEING.
  1501 | D:3      | 1501 ||| FLEEEEING.
  1502 | D:3      | 1502 ||| FLEEEEING.
  1503 | D:3      | 1503 ||| FLEEEEING.
  1504 | D:3      | 1504 ||| FLEEEEING.
  1505 | D:3      | 1505 ||| FLEEEEING.
  1506 | D:3      | 1506 ||| FLEEEEING.
  1507 | D:3      | 1507 ||| FLEEEEING.
  1508 | D:3      | 1508 ||| FLEEEEING.
  1509 | D:3      | 1509 ||| FLEEEEING.
  1510 | D:3      | 1510 ||| FLEEEEING.
  1511 | D:3      | 1511 ||| FLEEEEING.
  1512 | D:3      | 1512 ||| FLEEEEING.
  1513 | D:3      | 1513 ||| FLEEEEING.
  1514 | D:3      | 1514 ||| FLEEEEING.
  1515 | D:3      | 1515 ||| FLEEEEING.
  1516 | D:3      | 1516 ||| FLEEEEING.
  1517 | D:3      | 1517 ||| FLEEEEING.
  1518 | D:3      | 1518 ||| FLEEEEING.
  1519 | D:3      | 1519 ||| FLEEEEING.
  1520 | D:3      | 1520 ||| FLEEEEING.
  1521 | D:3      | 1521 ||| FLEEEEING.
  1522 | D:3      | 1522 ||| FLEEEEING.
  1758 | D:3      | 1758 ||| READING 3 scrolls labelled XUGIONL UD RUZ.
  1758 | D:3      | 1758 ||| ENCHANTING +0 shortbow.
  1759 | D:3      | 1759 ||| READING 2 scrolls of enchant weapon.
  1759 | D:3      | 1759 ||| ENCHANTING +1 shortbow.
  1760 | D:3      | 1760 ||| READING scroll of enchant weapon.
  1760 | D:3      | 1760 ||| ENCHANTING +2 shortbow.
  2465 | D:3      | 2465 ||| READING 3 scrolls labelled LOCZIMUTZI.
  2466 | D:3      | 2466 ||| READING scroll labelled COSE SYUSOQUVE.
  2467 | D:3      | 2467 ||| DRINKING 2 metallic blue potions.
  2468 | D:3      | 2468 ||| DRINKING 2 metallic puce potions.
  2494 | D:3      | 2494 ||| DROPPING potion of attraction.
  2495 | D:3      | 2495 ||| DROPPING 2 scrolls of noise.
  2496 | D:3      | 2496 ||| DROPPING potion of lignification.
  2535 | D:4      | Noticed an ogre
  2540 | D:4      | Killed an ogre
  2541 | D:4      | Reached skill level 6 in Ranged Weapons
  2541 | D:4      | Reached XP level 5. HP: 41/41 MP: 7/7
  2565 | D:4      | Identified the staff of Anguish {rElec rF++ Will+ rCorr
                  | Air}
  2631 | D:4      | Noticed an ogre
  2638 | D:4      | Slain by an ogre

Levels and vault maps discovered:
D:1:      dpeg_arrival_erosion, layout_basic
D:2:      layout_rooms, ebering_ecumenical_altar_mist, basic_altar, uniq_jessica
D:3:      layout_basic, mainiacjoe_overflow_paths, serial_co_window_serial,
          co_window_corner_a, co_window_corner_a, co_window_paths_a,
          co_window_paths_a, co_window_corner_a, co_window_broadway_b,
          co_window_2corner, co_window_2corner, co_window_paths_e,
          co_window_sun, glass_columns_a, glass_columns_b, glass_columns_c,
          glass_columns_b, minmay_misc_feat_five
D:4:      layout_basic, kennysheep_mini_moat, trog_antimagical, uniq_eustachio

Skill      XL: |  1  2  3  4 |
---------------+-------------+-----
Ranged Weapons | 4 5 6 |  6.2
Fighting       | 2 |  2.4
Dodging        | 2 |  2.0
Stealth        | |  0.8

Action                     |  1- 3 |  4- 6 || total
---------------------------+-------+-------++-------
   Fire: Shortbow          |   104 |    39 ||   143
    Use: Scroll            |     6 |     5 ||    11
         Potion            |     1 |     2 ||     3
 Armour: Leather armour    |    27 |     3 ||    30
  Dodge: Dodged            |    26 |     7 ||    33

Table legend:
 A = Non-vault XP
 B = Vault XP
 C = Vault XP percentage of total XP
 D = Non-vault monster count
 E = Vault monster count
 F = Vault count percentage of total count
                 A         B        C        D         E       F
            +---------+---------+-------+---------+---------+-------
      Total |     317 |      37 |  10.5 |      45 |       1 |   2.2
            +---------+---------+-------+---------+---------+-------
        D:1 |      33 |      37 |  52.9 |      14 |       1 |   6.7
        D:2 |      22 |       0 |   0.0 |      14 |       0 |   0.0
        D:3 |     107 |       0 |   0.0 |      14 |       0 |   0.0
        D:4 |     155 |       0 |   0.0 |       3 |       0 |   0.0
            +---------+---------+-------+---------+---------+-------
